Map: Last Fantasy LE

Players

Binsbergen - Winner!

  • Race: Protoss Protoss
  • League: Master
  • Spawn Location: 7:00

Sindyr

  • Race: Protoss Protoss
  • League: Master
  • Spawn Location: 3:00

VOD

Have the link to the VOD?

Description

Time

  • Played on: Sept. 17, 2025, 5:50 a.m.
  • Length: 19:12
Show
View Real Time Build Order
Export as new Build Order

Binsbergen Protoss - Winner!

Build Orders:  

Get SALT Encoding   

  12  0:01  Probe  
  13  0:13  Probe  
  14  0:25  Probe  
  15  0:29  Pylon  
  15  0:41  Assimilator  
  15  0:47  Probe  
  15  0:48  Gateway  
  16  0:59  Probe  
  17  1:07  Forge  
  17  1:10  Probe  
  17  1:14  Pylon  
  18  1:18  Probe  
  19  1:26  Probe  
  20  1:38  Probe  
  20  1:39  Zealot  
  23  1:52  Photon Cannon  
  23  1:59  Photon Cannon  
  23  2:04  Photon Cannon  
  23  2:06  Probe, Zealot  
  25  2:14  Probe  
  26  2:22  Probe  
  28  2:40  Nexus  
  28  2:52  Cybernetics Core  
  28  2:58  Pylon  
  28  3:02  Pylon  
  28  3:06  Assimilator  
  28  3:12  Probe  
  29  3:18  Protoss Ground Weapons Level 1  
  29  3:22  Probe  
  30  3:30  Probe, Stalker  
  32  3:39  Probe  
  33  3:42  Twilight Council  
  34  3:49  Robotics Facility  
  34  3:57  Probe  
  35  4:04  Probe, Assimilator  
  35  4:05  Probe  
  35  4:06  Assimilator  
  37  4:16  Probe  
  38  4:18  Probe  
  39  4:28  Probe  
  39  4:30  Probe  
  41  4:36  Observer  
  42  4:40  Probe  
  42  4:42  Probe  
  44  4:52  Probe  
  45  4:54  Observer  
  45  4:55  Probe  
  47  5:04  Probe  
  49  5:07  Probe  
  49  5:10  Pylon  
  49  5:12  Observer, Pylon  
  50  5:15  Pylon  
  50  5:17  Shield Battery x2  
  50  5:19  Probe  
  51  5:24  Photon Cannon  
  51  5:27  Photon Cannon  
  51  5:28  Pylon  
  51  5:30  Observer  
  51  5:31  Probe  
  51  5:32  Photon Cannon  
  51  5:35  Photon Cannon  
  53  5:38  Photon Cannon  
  53  5:40  Photon Cannon  
  53  5:54  Charge  
  53  5:55  Zealot  
  55  5:58  Protoss Ground Armor Level 1  
  55  6:07  Dark Shrine  
  55  6:10  Robotics Bay  
  55  6:13  Probe  
  56  6:21  Probe  
  56  6:22  Zealot  
  59  6:31  Probe  
  60  6:43  Probe  
  61  6:49  Zealot, Nexus  
  63  6:55  Probe  
  64  7:04  Nexus  
  64  7:09  Stargate x2  
  64  7:14  Stargate  
  64  7:15  Nexus  
  64  7:16  Zealot  
  64  7:22  Pylon  
  66  7:25  Pylon  
  66  7:44  Observer  
  67  7:57  Probe  
  79  7:59  Protoss Shields Level 1  
  79  8:01  Void Ray, Observer  
  79  8:02  Void Ray  
  79  8:04  Void Ray  
  81  8:05  Probe  
  81  8:11  Dark Templar  
  84  8:15  Probe  
  85  8:26  Probe  
  85  8:27  Probe  
  85  8:29  Probe  
  88  8:34  Probe  
  88  8:37  Probe  
  88  8:39  Assimilator  
  88  8:40  Probe  
  90  8:42  Assimilator  
  90  8:44  Probe  
  90  8:47  Probe  
  92  8:50  Dark Templar  
  92  8:52  Probe, Assimilator  
  96  8:56  Probe, Assimilator  
  96  8:59  Probe  
  96  9:02  Void Ray  
  102  9:04  Probe  
  102  9:08  Probe  
  102  9:09  Void Ray  
  108  9:11  Assimilator, Probe  
  108  9:16  Probe, Assimilator  
  110  9:20  Probe  
  110  9:23  Probe  
  112  9:28  Probe  
  112  9:30  Dark Templar  
  115  9:32  Probe x2  
  115  9:37  Void Ray  
  121  9:38  Probe  
  121  9:40  Probe x2  
  121  9:41  Protoss Ground Weapons Level 2  
  121  9:45  Void Ray  
  128  9:46  Probe  
  128  9:48  Probe  
  128  9:49  Probe  
  128  9:52  Void Ray  
  134  9:54  Probe  
  134  9:59  Probe  
  136  10:02  Probe  
  136  10:06  Probe  
  139  10:11  Probe  
  139  10:14  Probe, Dark Templar  
  143  10:16  Protoss Air Weapons Level 1  
  143  10:18  Probe  
  143  10:20  Void Ray  
  148  10:28  Void Ray  
  152  10:31  Gravitic Boosters  
  152  10:42  Pylon  
  152  10:45  Pylon  
  152  10:49  Pylon  
  152  10:52  Pylon  
  152  10:59  Pylon  
  152  11:01  Pylon  
  159  11:06  Void Ray x2  
  159  11:08  Pylon  
  159  11:09  Dark Templar  
  161  11:12  Photon Cannon  
  161  11:14  Photon Cannon  
  161  11:16  Photon Cannon  
  161  11:18  Void Ray, Photon Cannon  
  165  11:20  Photon Cannon  
  165  11:25  Photon Cannon  
  165  11:26  Photon Cannon  
  173  11:48  Dark Templar  
  173  11:49  Void Ray x2  
  175  12:00  Pylon  
  175  12:01  Void Ray  
  179  12:02  Pylon  
  179  12:04  Pylon  
  179  12:06  Protoss Ground Armor Level 2, Pylon  
  179  12:15  Protoss Air Armor Level 1  
  179  12:19  Probe  
  180  12:27  Probe, Dark Templar  
  186  12:32  Probe, Void Ray  
  186  12:36  Probe  
  188  12:37  Probe  
  188  12:40  Probe  
  190  12:45  Probe  
  190  12:48  Gateway x2, Probe  
  190  12:50  Probe  
  193  12:52  Gateway  
  193  12:53  Gateway  
  193  12:54  Gateway, Probe  
  193  12:56  Gateway  
  193  12:57  Gateway  
  195  12:59  Gateway  
  195  13:00  Probe  
  195  13:01  Gateway  
  195  13:02  Probe  
  195  13:05  Gateway  
  197  13:12  Probe  
  198  13:14  Probe  
  199  13:25  Extended Thermal Lance  
  199  13:36  Fleet Beacon  
  199  13:44  Stargate  
  199  13:45  Stargate  
  199  13:48  Stargate  
  199  13:53  Stargate  
  177  14:30  Protoss Ground Weapons Level 3  
  177  14:59  Shadow Stride  
  177  15:10  Cybernetics Core  
  177  15:12  Protoss Air Weapons Level 2  
  121  16:57  Tempest x2  
  121  16:58  Tempest x4  
  135  17:40  Carrier  
  161  17:46  Void Ray  
  161  17:47  Void Ray x4  
  161  17:51  Nexus  
  161  17:54  Assimilator x2  
  159  18:03  Void Ray  
  158  18:19  Nexus  
  158  18:20  Assimilator  
  158  18:25  Assimilator  
  178  18:27  Pylon  
  178  18:29  Pylon, Void Ray  
  178  18:30  Void Ray x4  
  178  18:31  Pylon  
  178  18:34  Pylon  
  178  18:36  Pylon  
  178  18:38  Pylon  
  178  18:40  Pylon  
Show
View Real Time Build Order
Export as new Build Order

Sindyr Protoss 

Build Orders:  

Get SALT Encoding   

  12  0:01  Probe  
  13  0:16  Pylon  
  13  0:19  Probe  
  13  0:27  Probe  
  15  0:37  Gateway  
  15  0:39  Probe  
  16  0:48  Assimilator  
  16  0:52  Probe  
  17  1:04  Probe  
  18  1:07  Assimilator  
  18  1:16  Gateway  
  18  1:20  Probe  
  20  1:32  Probe  
  20  1:42  Cybernetics Core  
  20  1:44  Probe  
  21  1:57  Probe  
  21  1:58  Pylon  
  22  2:05  Warp Gate  
  22  2:09  Probe  
  23  2:21  Probe  
  24  2:33  Pylon, Probe  
  24  2:36  Nexus  
  25  2:44  Adept  
  25  2:47  Adept  
  29  3:07  Shield Battery  
  29  3:25  Probe  
  30  3:36  Forge  
  30  3:38  Probe  
  31  3:45  Robotics Facility  
  31  3:50  Probe  
  31  3:53  Probe  
  31  3:55  Pylon  
  33  4:01  Adept  
  33  4:02  Probe  
  36  4:05  Adept, Probe  
  39  4:14  Probe  
  40  4:17  Probe  
  41  4:26  Probe  
  41  4:29  Sentry x2, Probe  
  47  4:38  Assimilator, Probe  
  48  4:39  Immortal, Assimilator  
  48  4:42  Probe  
  53  4:50  Probe  
  54  4:54  Probe  
  55  5:02  Probe  
  55  5:06  Probe  
  57  5:14  Probe  
  57  5:17  Twilight Council  
  57  5:18  Probe  
  57  5:19  Adept  
  61  5:26  Probe  
  62  5:30  Pylon  
  62  5:37  Gateway  
  62  5:39  Photon Cannon  
  62  5:47  Phoenix  
  62  5:48  Probe x2, Immortal  
  68  5:59  Protoss Ground Weapons Level 1  
  68  6:00  Probe  
  69  6:17  Nexus  
  69  6:21  Probe  
  70  6:32  Charge  
  70  6:42  Pylon  
  70  6:44  Pylon  
  70  6:59  Pylon  
  70  7:00  Probe x2, Pylon, Immortal  
  70  7:01  Pylon  
  76  7:05  Pylon x2  
  76  7:07  Pylon  
  76  7:12  Probe x2  
  76  7:14  Forge  
  78  7:24  Probe  
  79  7:38  Probe  
  79  7:39  Observer  
  81  7:50  Probe  
  82  7:55  Photon Cannon  
  82  7:57  Photon Cannon  
  82  8:00  Photon Cannon  
  82  8:02  Photon Cannon, Probe  
  82  8:03  Protoss Ground Weapons Level 2  
  83  8:06  Photon Cannon  
  83  8:07  Pylon  
  83  8:14  Photon Cannon, Probe  
  83  8:15  Blink, Shield Battery  
  83  8:16  Observer  
  83  8:18  Assimilator  
  83  8:19  Shield Battery  
  85  8:21  Assimilator  
  85  8:22  Protoss Shields Level 1, Nexus  
  85  8:24  Stalker  
  85  8:25  Stalker  
  85  8:26  Probe  
  90  8:34  Observer  
  91  9:07  Probe x3  
  94  9:19  Probe x3  
  97  9:29  Templar Archives  
  97  9:31  Probe  
  98  9:44  Probe  
  98  9:45  Probe x3, Pylon  
  98  9:48  Pylon  
  98  9:50  Pylon  
  98  9:52  Probe  
  102  9:53  Probe x3  
  106  10:02  Probe x4  
  106  10:03  Assimilator  
  110  10:07  Assimilator  
  110  10:14  Probe x3  
  111  10:19  Gateway  
  111  10:21  Gateway  
  113  10:24  Gateway  
  113  10:29  Photon Cannon, Protoss Shields Level 2  
  113  10:30  Gateway, Photon Cannon  
  113  10:31  Photon Cannon x2  
  113  10:33  Protoss Ground Weapons Level 3, Photon Cannon x2  
  113  10:35  Photon Cannon, Pylon  
  113  10:36  Pylon  
  113  10:59  Resonating Glaives  
  113  11:05  Nexus  
  113  11:28  Gateway  
  113  11:30  Gateway  
  113  11:32  Gateway  
  113  11:35  Photon Cannon  
  113  11:36  Photon Cannon  
  113  11:38  Photon Cannon  
  113  11:47  Forge  
  113  11:50  Pylon  
  113  11:54  Pylon  
  113  11:57  Pylon  
  113  12:00  Pylon  
  113  12:02  Pylon  
  112  12:29  Protoss Ground Armor Level 1  
  112  12:30  Stalker x4  
  112  12:31  Stalker x6  
  131  13:00  Probe x4  
  131  13:05  Protoss Shields Level 3  
  135  13:12  Probe x2  
  137  13:38  Immortal  
  141  13:42  High Templar x5  
  141  13:43  High Templar x5  
  141  13:47  Archon x2  
  141  13:48  Archon x3  
  161  13:58  Pylon  
  161  13:59  Pylon  
  147  14:15  High Templar  
  147  14:16  High Templar x9  
  135  14:24  Protoss Ground Armor Level 2  
  135  14:25  Photon Cannon  
  135  14:26  Photon Cannon  
  135  14:27  Photon Cannon  
  135  14:29  Shield Battery  
  135  14:30  Probe x4, Shield Battery  
  139  14:33  Shield Battery  
  139  14:42  Probe x3  
  139  14:43  Probe  
  143  14:54  Probe x2  
  145  15:02  Pylon  
  145  15:09  Assimilator  
  145  15:11  Nexus  
  145  15:14  Photon Cannon x2  
  145  15:15  Photon Cannon  
  145  15:16  Photon Cannon  
  145  15:17  Assimilator, Photon Cannon x2  
  145  15:19  Shield Battery x2  
  145  15:20  Photon Cannon  
  145  15:24  Photon Cannon, Gateway  
  145  15:33  Archon x4  
  145  15:34  Photon Cannon, Archon  
  138  15:43  Observer  
  103  16:00  Observer  
  103  16:01  Stalker x6  
  103  16:02  Stalker  
  78  16:18  Observer  
  70  16:31  Stalker x8  
  80  16:36  Observer  
  75  16:42  Probe x4  
  71  16:54  Probe x2, Observer  
  67  16:56  Stalker x6  
  67  16:57  Stalker x2  
  67  17:00  Nexus  
  82  17:10  Nexus  
  82  17:12  Observer  
  78  17:29  Observer  
  78  17:33  Pylon  
  78  17:34  Pylon  
  78  17:37  Stalker x7  
  93  17:47  Observer  
  94  18:06  Assimilator  
  94  18:13  Gateway  
  94  18:14  Gateway  
  94  18:17  Gateway  
  94  18:19  Nexus, Immortal  
  98  18:37  Nexus  
  98  18:43  Probe  
  99  18:51  High Templar  
  99  18:52  High Templar x7  
  99  18:54  Pylon  
  99  18:55  Pylon, Probe  
  115  18:57  Archon x3  
  115  18:58  Archon  
Tags
 
Matchup
PvP
Replay Pack
Multiplayer
Spawn Locations
Cross Positions
Add a new tag
Caveats
  • Supply blocks, unpowered buildings, or Contaminate may cause inaccurate times.
  • Supply counts are checked every 10 seconds.